 Dungeon Crawl Stone Soup version 0.30.1-11-g7821555f0a (webtiles) character file.

Game seed: 16079335829834612073

2249 SacredBeard the Grave Robber (level 9, -1/69 HPs)
             Began as a Demonspawn Necromancer on Nov 27, 2023.
             Slain by a yak (13 damage)
             ... on level 6 of the Dungeon.
             The game lasted 00:22:18 (8002 turns).

SacredBeard the Grave Robber (DsNe)                 Turns: 8002, Time: 00:22:19

Health: -1/69      AC:  7    Str: 12    XL:     9   Next: 15%
Magic:  4/12       EV: 12    Int: 17    God:
Gold:   415        SH:  0    Dex: 14    Spells: 11/12 levels left

rFire   + . .        C - +3 dagger (venom)
rCold   . . .        (no shield)
rNeg    . . .        n - +2 leather armour {rF+}
rPois   .            (no helmet)
rElec   .            I - +0 cloak
rCorr   .            (gloves unavailable)
SInv    .            k - +0 pair of boots
Will    .....        (no amulet)
Stlth   ++           (no ring)
HPRegen 0.31/turn    (no ring)
MPRegen 0.13/turn

%: no passive effects
@: no status effects
A: demonic guardian 1, powered by pain 3, demonic touch 3
a: no special abilities


You were on level 6 of the Dungeon.
You visited 1 branch of the dungeon, and saw 6 of its levels.

You collected 415 gold pieces.

Inventory:

Hand Weapons
 x - a +0 spear
 C - a +3 dagger of venom (weapon)
Missiles
 j - 30 poisoned darts
 B - 10 stones
 D - a throwing net
Armour
 k - a +0 pair of boots (worn)
 n - a +2 leather armour of fire resistance (worn)
 p - a +0 leather armour of positive energy
 I - a +0 cloak (worn)
Jewellery
 f - a ring of fire
Wands
 E - a wand of flame (24)
 H - a wand of roots (6)
Scrolls
 a - 2 scrolls of blinking {unknown}
 h - 2 scrolls of magic mapping {unknown}
 l - 3 scrolls of teleportation
 m - 2 scrolls of enchant armour {unknown}
 s - a scroll of fear {unknown}
 u - a scroll of silence {unknown}
 y - a scroll of amnesia {unknown}
 A - a scroll of vulnerability {unknown}
 F - a scroll of immolation {unknown}
 G - 2 scrolls of enchant weapon {unknown}
 J - 2 scrolls of summoning {unknown}
Potions
 b - a potion of magic
 c - 2 potions of flight
 d - 2 potions of lignification {unknown}
 e - 2 potions of brilliance
 g - a potion of berserk rage {unknown}
 i - 3 potions of heal wounds
 o - a potion of might {unknown}
 q - 2 potions of attraction {unknown}
 r - 2 potions of degeneration {unknown}
 t - 3 potions of ambrosia
 v - 3 potions of haste
 w - a potion of resistance
 z - a potion of curing {unknown}


   Skills:
 + Level 5.8 Fighting
 - Level 2.0 Throwing
 - Level 2.0 Armour
 - Level 2.0 Dodging
 - Level 3.0 Stealth
 * Level 6.8 Unarmed Combat
 - Level 2.0 Spellcasting
 - Level 7.0 Necromancy
 - Level 3.0 Evocations


You had 11 spell levels left.
You knew the following spells:

 Your Spells              Type           Power      Damage    Failure   Level
a - Necrotise             Necr           100%       1d9       1%          1

Your spell library contained the following spells:

 Spells                   Type           Power      Damage    Failure   Level
 Sublimation of Blood     Necr           25%        N/A       1%          2
 Vampiric Draining        Necr           25%        2d7       4%          3
 Animate Dead             Necr           25%        N/A       14%         4
 Wereblood                Tmut           1%         N/A       36%         2
 Agony                    Necr           25%        N/A       36%         5
 Malign Gateway           Summ/Tloc      0%         N/A       100%        7
 Summon Hydra             Summ           0%         N/A       100%        7
 Summon Horrible Things   Summ           0%         N/A       100%        8


Dungeon Overview and Level Annotations

Branches:
Dungeon (6/15) Zot: 25907
 Temple: D:4-7

Altars:
Ashenzari
Dithmenos
Qazlal
Uskayaw
Vehumet
Yredelemnul

Shops:
D:3 *

Annotations:
D:2 1 runed translucent door, Crazy Yiuf
D:4 Eustachio
D:5 3 runed translucent doors, zxspectator's ghost, novice GrFi


Innate Abilities, Weirdness & Mutations

A weak demonic guardian rushes to your aid.
You are powered by pain.
Your touch may irresistibly damage your foes and sap their willpower.


Message History

The yak misses your quasit.
Your quasit bites the yak but does no damage.
Your quasit claws the yak but does no damage. x2
The yak gores your quasit!
Your quasit bites the yak but does no damage.
Your quasit claws the yak but does no damage.
Your quasit barely misses the yak.
The yak barely misses your quasit.
Your quasit bites the yak but does no damage.
Your quasit claws the yak.
Your quasit barely misses the yak.
Your quasit bites the yak.
Your quasit closely misses the yak. x2
The yak gores your quasit!
Your quasit dies!
Your quasit disappears in a puff of smoke!
Unknown command.
Casting: Necrotise (safe; 1% risk of failure)
Confirm with . or Enter, or press ? or * to list all spells.
Aiming: Necrotise (safe; 1% risk of failure)
Press: ? - help, Shift-Dir - straight line, f - yak
Aim: a yak (lightly wounded, chance to affect: 83%)
The yak writhes in agony!
Casting: Necrotise (safe; 1% risk of failure)
Confirm with . or Enter, or press ? or * to list all spells.
Aiming: Necrotise (safe; 1% risk of failure)
Press: ? - help, Shift-Dir - straight line, f/p - yak
Aim: a yak (moderately wounded, chance to affect: 83%)
The yak writhes in agony.
You hit the yak but do no damage.
The yak is poisoned.
Your punch misses the yak.
The yak is heavily wounded.
The yak gores you.
* * * LOW HITPOINT WARNING * * *
You hit the yak but do no damage.
The yak looks even sicker.
You touch the yak!
You sap its willpower!
The yak is almost dead.
The yak gores you.
* * * LOW HITPOINT WARNING * * *
You hit the yak.
The yak looks as sick as possible!
The yak is almost dead.
The yak gores you!
You die...

#......#....#.......<....# #
#......#....#..<.........# #
#......#....#............# #
#......#.>..#............# #
####......##...#............#####
.....###'###...############......
.....#...............#....#......
.....#......)........#....'......
.....#..........@....#....#......
.....#'##+#####Y##.####..##......
..............#†#######..#.....##
..............+....#.....#.....+.
..............#....#.....#.....#.
..............#....#.....#.....#.
..............##'#########.....#.
##########...................###.
#..........Y.Y......#...


You could see a yak (extremely poisoned, weak-willed).

Vanquished Creatures
  5 yaks (D:6)
  Menkaure (D:5)
  An ice beast (D:6)
  3 black bears
  2 centaurs
  2 phantoms (D:5)
  A gnoll sergeant (D:4)
  Blork the orc (D:5)
  A scorpion (D:5)
  A howler monkey (D:6)
  2 hounds
  A jelly (D:6)
  2 iguanas (D:5)
  Ijyb (D:5)
  2 orc wizards (D:5)
  A sleepcap (D:5)
  8 gnolls
  5 adders
  An ufetubus (D:5)
  3 worms
  3 dart slugs
  10 orcs
  3 bats
  5 endoplasms
  7 giant cockroaches
  6 goblins
  12 hobgoblins
  3 jackals (D:2)
  4 quokkas
  4 ball pythons
  A frilled lizard (D:3)
  5 kobolds
  2 rats (D:1)
109 creatures vanquished.

Vanquished Creatures (collateral kills)
  A sleepcap (D:4)
  An iguana (D:5)
  A white imp (D:4)
  An orc (D:4)
  A goblin (D:2)
  A jackal (D:2)
  A kobold (D:3)
  A rat (D:2)
8 creatures vanquished.

Grand Total: 117 creatures vanquished

Notes
Turn   | Place    | Note
-------+----------+-------------------------------------------
     0 | D:1      | SacredBeard the Demonspawn Necromancer began the quest for
                  | the Orb.
     0 | D:1      | Reached XP level 1. HP: 13/13 MP: 3/3
   166 | D:1      | Gained mutation: Your touch may inflict minor irresistible
                  | damage on your foes. [demonic ancestry]
   166 | D:1      | Reached XP level 2. HP: 15/19 MP: 1/5
   753 | D:2      | Found a broken altar of Ashenzari.
   762 | D:2      | Gained mutation: You sometimes gain a little power by
                  | taking damage. [demonic ancestry]
   762 | D:2      | Reached XP level 3. HP: 25/25 MP: 2/6
  1383 | D:2      | Found a runed translucent door.
  1384 | D:2      | Noticed Crazy Yiuf
  1456 | D:2      | Reached skill level 1 in Fighting
  1932 | D:3      | Found a shadowy altar of Dithmenos.
  2050 | D:3      | Gained mutation: You sometimes gain power by taking damage.
                  | [demonic ancestry]
  2050 | D:3      | Reached XP level 4. HP: 26/32 MP: 0/7
  2222 | D:3      | Reached skill level 1 in Evocations
  2323 | D:3      | Reached skill level 5 in Necromancy
  2344 | D:3      | Reached skill level 1 in Throwing
  2344 | D:3      | Reached skill level 1 in Armour
  2497 | D:3      | Noticed a black bear
  2705 | D:3      | Found Reutzojyps's Assorted Antiques.
  2739 | D:3      | Reached skill level 1 in Unarmed Combat
  2870 | D:4      | Noticed a gnoll sergeant
  3286 | D:4      | Gained mutation: You are powered by pain. [demonic
                  | ancestry]
  3286 | D:4      | Reached XP level 5. HP: 29/37 MP: 2/8
  3495 | D:3      | Killed a black bear
  3948 | D:4      | Gained mutation: Your touch may inflict irresistible damage
                  | on your foes. [demonic ancestry]
  3948 | D:4      | Reached XP level 6. HP: 40/44 MP: 0/9
  4179 | D:4      | Noticed Eustachio
  4419 | D:5      | Entered Level 5 of the Dungeon
  4502 | D:5      | Noticed Menkaure
  4517 | D:5      | Killed Menkaure
  4564 | D:5      | Reached skill level 6 in Necromancy
  4738 | D:5      | Reached XP level 7. HP: 51/51 MP: 0/10
  5406 | D:5      | Reached skill level 7 in Necromancy
  5528 | D:5      | Noticed Blork the orc
  5536 | D:5      | Noticed Ijyb
  5614 | D:5      | Found a runed translucent gate.
  5614 | D:5      | Found a runed translucent gate.
  5614 | D:5      | Found a runed translucent gate.
  5614 | D:5      | Noticed zxspectator's ghost (novice GrFi)
  5944 | D:4      | Gained mutation: A weak demonic guardian rushes to your
                  | aid. [demonic ancestry]
  5944 | D:4      | Reached XP level 8. HP: 59/59 MP: 2/11
  6358 | D:4      | Found a basalt altar of Yredelemnul.
  6358 | D:4      | Found a stormy altar of Qazlal.
  6358 | D:4      | Found a hide-covered altar of Uskayaw.
  6360 | D:4      | Found a radiant altar of Vehumet.
  6686 | D:5      | Killed Ijyb
  6696 | D:5      | Killed Blork the orc
  7368 | D:6      | Reached skill level 5 in Unarmed Combat
  7619 | D:6      | Reached skill level 5 in Fighting
  7672 | D:6      | HP: 3/62 [yak (10)]
  7677 | D:6      | HP: 3/62 [yak (1)]
  7984 | D:6      | Gained mutation: Your touch may irresistibly damage your
                  | foes and sap their willpower. [demonic ancestry]
  7984 | D:6      | Reached XP level 9. HP: 36/68 MP: 3/12
  8002 | D:6      | Slain by a yak

Illustrated notes

Levels and vault maps discovered:
D:1:      lightli_arrival_lavapool, layout_rooms
D:2:      layout_basic, basic_altar, uniq_crazy_yiuf_cottage
D:3:      kennysheep_six_static_rooms, layout_rooms, lemuel_crystal_altar,
          serial_shops, shop
D:4:      layout_gridville, mainiacjoe_overflow_boulevard, minitemple,
          hangedman_decor_peaks_small, uniq_eustachio
D:5:      layout_basic, gammafunk_ghost_nasty_kobolds, uniq_blork_the_orc,
          uniq_menkaure, uniq_ijyb
D:6:      layout_gridville

Skill      XL: |  1  2  3  4  5  6  7  8 |
---------------+-------------------------+-----
Stealth        | 2 3 |  3.0
Dodging        | 2 |  2.0
Fighting       | 1 2 3 5 |  5.8
Evocations     | 1 2 3 |  3.0
Necromancy     | 5 6 7 |  7.0
Throwing       | 1 2 |  2.0
Armour         | 1 2 |  2.0
Unarmed Combat | 1 3 6 |  6.8
Spellcasting   | |  2.0

Action                     |  1- 3 |  4- 6 |  7- 9 || total
---------------------------+-------+-------+-------++-------
  Melee: Unarmed           |     8 |       |       ||     8
         Punch             |     1 |       |     2 ||     3
         Dagger            |    14 |    15 |    57 ||    86
         Touch             |     6 |     6 |    12 ||    24
         Short sword       |     2 |    24 |       ||    26
  Throw: Stone             |       |     2 |     6 ||     8
         Dart              |       |       |     3 ||     3
   Cast: Necrotise         |    68 |   114 |   117 ||   299
  Evoke: Wand              |       |     5 |     6 ||    11
    Use: Scroll            |       |     2 |     5 ||     7
         Potion            |       |     2 |       ||     2
   Stab: Distracted        |       |       |     1 ||     1
 Armour: Robe              |     2 |       |       ||     2
         Leather armour    |     4 |    27 |    38 ||    69
  Dodge: Dodged            |    22 |    41 |    59 ||   122
